 Dungeon Crawl Stone Soup version 0.17-a0-1397-g0eee0a3 (webtiles) character file.

331 Fluffy the Cudgeler (level 6, 0/37 HPs)
             Began as a Gargoyle Fighter on June 17, 2015.
             Slain by Edmund
             ... wielding a +0 dire flail
              (2 damage)
             ... on level 5 of the Dungeon.
             The game lasted 00:07:13 (3486 turns).

Fluffy the Cudgeler (Gargoyle Fighter)              Turns: 3486, Time: 00:07:13

Health: 0/37       AC: 16    Str: 24    XL:     6   Next: 52%
Magic:  6/6        EV: 10    Int:  9    God:
Gold:   208        SH: 10    Dex: 16    Spells: 0 memorised, 5 levels left

rFire  . . .     SeeInvis .     a - +0 flail
rCold  + . .     Clarity  .     r - +0 chain mail
rNeg   + . .     SustAt   .     c - +0 shield
rPois  ∞         Gourm    .     q - +0 helmet
rElec  +         Spirit   .     (no cloak)
rCorr  .         Warding  .     t - +1 pair of gloves
rMut   .         Stasis   .     (no boots)
MR     .....                    (no amulet)
Stlth  ..........               (no ring)
                                j - ring of protection from cold

@: mighty, agile, not resistant to hostile enchantments, extremely unstealthy
A: negative energy resistance 1, electricity resistance, unbreathing,
petrification resistance, rot immunity, AC +4
a: no special abilities


You were on level 5 of the Dungeon.
You were very hungry.

You visited 2 branches of the dungeon, and saw 6 of its levels.

You collected 208 gold pieces.

Inventory:

Hand weapons
 a - a +0 flail (weapon)
Armour
 c - a +0 shield (worn)
 q - a +0 helmet (worn)
 r - a +0 chain mail (worn)
 t - a +1 pair of gloves (worn)
Jewellery
 j - a ring of protection from cold (left hand)
Potions
 b - a potion of cancellation
 d - a potion of might
 f - 3 potions of agility
 g - a potion of mutation {unknown}
 h - a potion of cure mutation {unknown}
 i - a potion of heal wounds {unknown}
 l - a potion of beneficial mutation {unknown}
 m - 2 potions of curing {unknown}
 n - 2 potions of lignification {unknown}
 o - a potion of poison {unknown}
 p - 2 potions of degeneration {unknown}
Comestibles
 e - 6 bread rations
 k - 2 meat rations


   Skills:
 - Level 3.2 Fighting
 + Level 6.7 Maces & Flails
 - Level 3.2 Armour
 - Level 3.2 Shields


You had 5 spell levels left.
You didn't know any spells.

Dungeon Overview and Level Annotations

Branches:
Dungeon (5/15)             Temple (1/1) D:4

Altars:
Ashenzari
Cheibriados
Dithmenos
Fedhas
Makhleb
Nemelex Xobeh
Sif Muna
Trog
Vehumet
Zin
The Shining One

Annotations:
D:5 Edmund


Innate Abilities, Weirdness & Mutations

You are resistant to torment.
Your stone body is resilient (AC +4).
You are immune to poison.
You resist negative energy.
You are resistant to electric shocks.
You can survive without breathing.
You are immune to petrification.
You are immune to rotting.


Message History

Edmund is lightly wounded.
You are feeling very hungry.
Edmund hits you with a dire flail.
You hit Edmund but do no damage.
Edmund is lightly wounded.
Edmund hits you with a dire flail!
* * * LOW HITPOINT WARNING * * *
Found a stone staircase leading down.
Drink which item? (? for menu, Esc to quit)
You feel agile all of a sudden. Edmund hits you with a dire flail.
* * * LOW HITPOINT WARNING * * *
Found a papyrus book.
Drink which item? (? for menu, Esc to quit)
You feel very mighty all of a sudden. You block Edmund's attack.
You hit Edmund.
Edmund is moderately wounded.
Edmund hits you with a dire flail.
You die...

## ..:# #..
... #..#
..# #.>#
..# #..#
..##
#..#...##..
#.........
#@# #@#
##.# #<.#
#.........
...###.....
###.# ..#.
#.# .# #.#
#


You could see Edmund.

Vanquished Creatures
  A hound (D:4)
  2 giant frog skeletons (D:4)
  2 orc wizards
  A worker ant (D:4)
  Robin (D:2)
  5 adders
  2 oozes
  2 worms (D:2)
  5 giant geckos
  11 orcs
  6 bats
  A bat skeleton (D:4)
  13 goblins
  11 hobgoblins
  11 kobolds
  3 quokkas
  4 ball pythons
  A giant cockroach (D:1)
  A giant gecko skeleton (D:4)
  3 giant newts
  3 jackals (D:4)
  5 rats
94 creatures vanquished.

Vanquished Creatures (others)
  An orc (D:3)
1 creature vanquished.

Grand Total: 95 creatures vanquished

Notes
Turn   | Place    | Note
--------------------------------------------------------------
     0 | D:1      | Fluffy the Gargoyle Fighter began the quest for the Orb.
     0 | D:1      | Reached XP level 1. HP: 14/14 MP: 1/1
   249 | D:1      | Reached XP level 2. HP: 16/19 MP: 2/2
   936 | D:2      | Reached XP level 3. HP: 23/23 MP: 3/3
  1249 | D:2      | Noticed Robin
  1253 | D:2      | Reached skill level 4 in Maces & Flails
  1268 | D:2      | Killed Robin
  1268 | D:2      | Reached XP level 4. HP: 15/28 MP: 4/4
  1427 | D:2      | Found a radiant altar of Vehumet.
  1988 | D:3      | Reached skill level 5 in Maces & Flails
  1988 | D:3      | Reached XP level 5. HP: 11/32 MP: 5/5
  2521 | D:4      | Reached skill level 6 in Maces & Flails
  2521 | D:4      | Reached XP level 6. HP: 15/37 MP: 6/6
  2895 | D:4      | Found a deep blue altar of Sif Muna.
  3061 | D:4      | Found a glowing golden altar of the Shining One.
  3117 | D:4      | Found a staircase to the Ecumenical Temple.
  3125 | Temple   | Entered the Ecumenical Temple
  3468 | D:5      | Entered Level 5 of the Dungeon
  3468 | D:5      | Noticed Edmund
  3486 | D:5      | Slain by Edmund

Vault maps used:
D:1:      dpeg_arrival_round_a, minmay_misc_feat_doors
D:2:      vehumet_crystals, hangedman_decor_lopped, uniq_robin
D:3:      lemuel_flame_loot_1
D:4:      old_standard_altar, lemuel_doored_altar, minmay_temple_entry_junction,
          first_bread
D:5:      lemuel_crystal_altar, serial_shops, nicolae_shop_crystal, basic_altar,
          uniq_edmund
Temple:   temple_eino_lava_8

Action                   |  1- 3 |  4- 6 || total
-------------------------+-------+-------++-------
Melee: Flail             |   131 |   276 ||   407
  Use: Scroll            |     4 |     4 ||     8
       Potion            |       |     2 ||     2
  Eat: Chunk             |     1 |     7 ||     8
